Map: Temple gelé

Players

pupu - Winner!

  • Race: Protoss Protoss
  • League: Silver

aIvory

  • Race: Zerg Zerg
  • League: Silver

VOD

Have the link to the VOD?

Description

Time

  • Played on: April 1, 2016, noon
  • Length: 11:26
Show
View Real Time Build Order
Export as new Build Order

pupu Protoss - Winner!

Build Orders: 1 Gate Expand 

Get SALT Encoding   

  12  0:01  Probe (Chrono Boost)  
  13  0:11  Probe (Chrono Boost)  
  14  0:21  Pylon  
  14  0:24  Probe (Chrono Boost)  
  15  0:39  Probe (Chrono Boost)  
  15  0:41  Gateway  
  16  0:49  Probe (Chrono Boost)  
  17  1:00  Probe (Chrono Boost)  
  18  1:10  Probe (Chrono Boost)  
  19  1:17  Assimilator  
  19  1:25  Probe (Chrono Boost)  
  20  1:32  Cybernetics Core  
  20  1:41  Nexus  
  20  1:42  Probe (Chrono Boost)  
  21  1:53  Probe (Chrono Boost)  
  22  2:03  Probe (Chrono Boost)  
  22  2:07  Pylon  
  23  2:22  Assimilator  
  23  2:25  Probe (Chrono Boost), Zealot, Pylon  
  26  2:39  Gateway  
  26  2:41  Warp Gate (Chrono Boost)  
  26  2:43  Pylon  
  26  2:51  Probe  
  26  2:53  Probe  
  26  2:57  Adept  
  30  3:02  Probe  
  30  3:05  Probe  
  32  3:12  Probe, Gateway  
  32  3:16  Gateway  
  32  3:17  Probe  
  34  3:25  Stalker  
  36  3:28  Stalker  
  36  3:31  Probe x2  
  40  3:42  Forge  
  40  3:49  Probe  
  40  3:50  Probe  
  40  3:51  Twilight Council  
  42  3:58  Pylon  
  42  4:15  Protoss Ground Weapons Level 1 (Chrono Boost)  
  42  4:17  Probe x2  
  42  4:23  Assimilator  
  44  4:27  Resonating Glaives  
  44  4:33  Probe  
  44  4:34  Probe  
  44  4:35  Adept  
  44  4:36  Adept  
  50  4:46  Probe x2  
  52  4:55  Adept x2  
  52  4:56  Adept  
  52  5:09  Mothership Core  
  52  5:11  Adept  
  52  5:15  Adept x2  
  52  5:16  Adept  
  56  5:25  Probe  
  57  5:30  Probe  
  57  5:33  Photon Cannon  
  57  5:35  Photon Cannon  
  58  5:37  Probe  
  58  5:39  Photon Cannon  
  58  5:42  Adept x4  
  61  6:05  Adept  
  61  6:06  Adept x3  
  69  6:19  Protoss Ground Armor Level 1 (Chrono Boost)  
  69  6:37  Pylon  
  69  6:39  Pylon  
  69  6:41  Pylon  
  69  6:43  Probe x2  
  69  6:45  Charge (Chrono Boost)  
  69  6:46  Gateway  
  69  6:55  Gateway  
  69  6:57  Gateway  
  69  6:59  Gateway  
  69  7:01  Robotics Facility  
  69  7:04  Probe  
  69  7:05  Probe  
  69  7:06  Pylon  
  71  7:10  Photon Cannon, Pylon  
  71  7:12  Assimilator  
  71  7:14  Photon Cannon  
  71  7:16  Probe  
  71  7:17  Probe  
  71  7:22  Adept x4  
  81  7:48  Warp Prism (Chrono Boost)  
  83  7:53  Protoss Shields Level 1  
  83  8:00  Adept x2  
  83  8:01  Adept x5  
  97  8:23  Pylon  
  97  8:27  Adept x5  
  97  8:28  Adept  
  97  8:33  Pylon  
  109  8:35  Pylon  
  96  9:05  Adept x6  
  96  9:06  Adept x2  
  86  10:00  Adept x5  
  86  10:01  Adept x3  
  88  10:23  Stalker x6  
  88  10:24  Stalker x2  
  80  11:00  Stalker x2  
  80  11:01  Stalker x6  
Show
View Real Time Build Order
Export as new Build Order

aIvory Zerg 

Build Orders: Hatch First 

Get SALT Encoding   

  12  0:01  Drone  
  13  0:13  Overlord  
  13  0:21  Drone  
  14  0:31  Drone x2  
  16  0:36  Drone  
  17  0:47  Drone  
  19  0:57  Drone  
  19  1:03  Hatchery  
  18  1:09  Drone  
  19  1:20  Extractor  
  19  1:23  Spawning Pool  
  19  1:25  Drone  
  18  1:29  Drone  
  19  1:41  Drone  
  20  1:51  Drone  
  21  2:02  Drone  
  22  2:09  Evolution Chamber  
  22  2:15  Queen x2  
  25  2:17  Overlord x2  
  25  2:33  Drone x2  
  25  2:34  Drone  
  25  2:36  Metabolic Boost  
  28  2:42  Extractor  
  28  2:43  Drone  
  28  2:51  Drone x2  
  30  3:12  Zergling x2  
  31  3:13  Zergling x6  
  34  3:38  Zergling x20  
  34  3:41  Zerg Melee Weapons Level 1  
  44  3:44  Lair  
  44  3:49  Overlord x2  
  44  4:10  Zergling x6  
  44  4:11  Zergling x10  
  52  4:22  Roach Warren  
  36  5:16  Zergling x2  
  36  5:17  Zergling x22  
  41  5:41  Zergling x2  
  41  5:42  Zergling x10  
  47  5:45  Hydralisk Den  
  42  6:01  Hatchery  
  38  6:08  Zerg Ground Armor Level 1  
  38  6:09  Baneling Nest  
  37  6:23  Roach  
  37  6:24  Roach x6  
  51  6:26  Overlord x4  
  50  6:43  Drone  
  50  6:44  Drone x6  
  57  6:49  Glial Reconstitution  
  57  6:55  Drone x2  
  57  6:57  Drone  
  60  7:12  Roach x3  
  60  7:14  Roach  
  68  7:43  Muscular Augments  
  68  7:45  Roach  
  68  7:46  Roach x6  
  82  7:59  Drone x7  
  82  8:03  Zerg Missile Weapons Level 1  
  88  8:21  Baneling x9  
  88  8:40  Extractor  
  86  8:42  Extractor  
  77  8:51  Zergling x14  
  77  8:52  Zergling x8  
  77  8:53  Centrifical Hooks  
  88  9:19  Queen  
Tags
 
Add a new tag
Caveats
  • Supply blocks, unpowered buildings, or Contaminate may cause inaccurate times.
  • Supply counts are checked every 10 seconds.